 Dungeon Crawl Stone Soup version 0.18-a0-995-gd892ad2 (webtiles) character file.

55 Oddball22 the Stinger (level 3, -2/21 HPs)
             Began as an Octopode Venom Mage on Jan 5, 2016.
             Splashed by a jelly's acid (5 damage)
             ... on level 3 of the Dungeon.
             The game lasted 00:04:44 (2285 turns).

Oddball22 the Stinger (Octopode Venom Mage)         Turns: 2285, Time: 00:04:44

Health: -2/21      AC: -3    Str:  7    XL:     3   Next: 93%
Magic:  1/6        EV: 12    Int: 18    God:
Gold:   94         SH:  0    Dex: 12    Spells: 3 memorised, 0 levels left

rFire  . . .     SeeInvis .     r - +0 club
rCold  . . .     Gourm    .     (no shield)
rNeg   . . .     Faith    .     (helmet restricted)
rPois  .         Spirit   .     (no amulet)
rElec  .         Dismiss  .     (no ring)
rCorr  .         Reflect  .     (no ring)
SustAt .         Harm     .     (no ring)
MR     .....                    (no ring)
Stlth  +++.......               (no ring)
                                (no ring)
                                (no ring)
                                (no ring)

@: corroded equipment, not resistant to hostile enchantments, fairly stealthy
A: almost no armour, amphibious, 8 rings, constrict 8, camouflage 1, gelatinous
body 1
a: no special abilities


You were on level 3 of the Dungeon.
You were not hungry.

You visited 1 branch of the dungeon, and saw 3 of its levels.

You collected 94 gold pieces.

Inventory:

Hand Weapons
 r - a +0 club (weapon)
Missiles
 n - 19 poisoned needles
Scrolls
 c - 2 scrolls of identify {unknown}
 d - 3 scrolls of teleportation {unknown}
 e - 2 scrolls of amnesia {unknown}
 f - 3 scrolls of recharging {unknown}
 h - a scroll of remove curse {unknown}
 i - a scroll of enchant weapon {unknown}
 j - a scroll of magic mapping {unknown}
 k - a scroll of fog {unknown}
 p - a scroll of blinking {unknown}
Potions
 g - a potion of might {unknown}
 m - a potion of curing {unknown}
 o - 3 potions of poison {unknown}
Books
 a - a Young Poisoner's Handbook

   Spells                             Type                      Level
   a - Sting                          Conjuration/Poison           1
   b - Cure Poison                    Poison                       2
   c - Mephitic Cloud                 Conjuration/Poison/Air       3
   d - Olgreb's Toxic Radiance        Poison                       4
   e - Venom Bolt                     Conjuration/Poison           5
Comestibles
 b - a bread ration
 l - a slice of pizza
 q - a chunk of flesh


   Skills:
 - Level 2.0 Dodging
 + Level 3.3 Stealth
 + Level 2.4 Spellcasting
 + Level 1.3 Conjurations
 * Level 5.6 Poison Magic


You couldn't memorise any spells.
You knew the following spells:

 Your Spells              Type           Power        Failure   Level  Hunger
a - Sting                 Conj/Pois      ##..         4%          1    #......
b - Cure Poison           Pois           ###.......   2%          2    ##.....
c - Mephitic Cloud        Conj/Pois/Air  ##......     24%         3    ###....


Dungeon Overview and Level Annotations

Branches:
Dungeon (3/15)

Altars:
Cheibriados


Innate Abilities, Weirdness & Mutations

You cannot wear most types of armour.
You are amphibious.
You can wear up to eight rings at the same time.
You can use your tentacles to constrict eight enemies at once.
Your skin changes colour to match your surroundings (Stealth).
Your rubbery body absorbs attacks (AC +1).


Message History

Press: ? - help, Shift-Dir - straight line, f/p - jelly
Aim: a jelly (lightly wounded)
The sting hits the jelly.
The jelly is moderately wounded.
You see here a club.
r - a club The jelly barely misses you.
Wield which item (- for none, * to show all)? (? for menu, Esc to quit)
r - a +0 club (weapon)
The jelly barely misses you.
You hit the jelly.
Your tentacles burn!
You squeeze the jelly.
The jelly is heavily wounded.
The jelly barely misses you.
You hit the jelly.
Your tentacles burn!
The jelly is severely wounded.
The jelly hits you.
You are splashed with acid!
The acid corrodes you!
The acid burns!
* * * LOW HITPOINT WARNING * * *
You hit the jelly but do no damage.
Your tentacles burn!
You die...

#.# ##. #.#
#.######.. #.#
#.........
##.#############...
..................
#.##.......####...
#.##.#####.# ###.
#J##.# #.# #.
#@##.# #.# #.
#.##.# #.# #.
##.##.#####.######.
#..................
#.########.#######.
... #.# #. ####
#.#######.
#.........
##########


You could see a jelly.

Vanquished Creatures
  An adder (D:2)
  A worm (D:2)
  A giant gecko (D:1)
  A ball python (D:2)
  6 bats
  2 giant cockroaches (D:1)
  4 goblins (D:1)
  9 hobgoblins
  2 jackals (D:1)
  6 kobolds
  2 giant newts (D:1)
  2 rats (D:1)
37 creatures vanquished.

Notes
Turn   | Place    | Note
--------------------------------------------------------------
     0 | D:1      | Oddball22 the Octopode Venom Mage began the quest for the Orb.
     0 | D:1      | Reached XP level 1. HP: 11/11 MP: 3/3
   127 | D:1      | Reached skill level 5 in Poison Magic
   197 | D:1      | Reached XP level 2. HP: 15/17 MP: 5/5
   236 | D:1      | Learned a level 2 spell: Cure Poison
   263 | D:1      | Found a snail-covered altar of Cheibriados.
   816 | D:1      | Reached skill level 1 in Conjurations
   816 | D:1      | Reached XP level 3. HP: 21/21 MP: 6/6
   824 | D:1      | Learned a level 3 spell: Mephitic Cloud
  2285 | D:3      | Splashed by a jelly's acid

Vault maps used:
D:1:      minmay_arrival_four_houses, cheibriados_altar_1
D:3:      first_bread, makhleb_blood_cavern_becter

Action                   || total
-------------------------++-------
Melee: Unarmed           ||    92
       Club              ||     3
 Cast: Sting             ||    21
       Cure Poison       ||     1
 Stab: Sleeping          ||     9
  Eat: Chunk             ||     4
